Map: Arctic Dream LE

Players

qqq - Winner!

  • Race: Protoss Protoss
  • League: Platinum
  • Spawn Location: 6:00

Massa - Winner!

  • Race: Terran Terran
  • League: Gold
  • Spawn Location: 5:00

Ruginila

  • Race: Protoss Protoss
  • League: Gold
  • Spawn Location: 12:00

Monkey

  • Race: Terran Terran
  • League: Platinum
  • Spawn Location: 11:00

VOD

Have the link to the VOD?

Description

Time

  • Played on: June 4, 2020, 2:55 p.m.
  • Length: 3:42
Show
View Real Time Build Order
Export as new Build Order

qqq Protoss - Winner!

Build Orders:  

Get SALT Encoding   

  12  0:08  Probe  
  12  0:14  Pylon  
  13  0:34  Forge  
  13  1:03  Pylon  
  13  1:04  Pylon  
  13  1:07  Pylon  
  13  1:25  Photon Cannon  
  12  1:33  Pylon  
  12  1:40  Pylon  
  12  1:48  Photon Cannon  
  12  2:02  Photon Cannon  
  11  2:22  Probe  
  12  2:23  Gateway  
  12  2:34  Probe (Chrono Boost)  
  13  2:46  Probe (Chrono Boost)  
  14  2:52  Probe (Chrono Boost)  
  15  3:06  Photon Cannon  
  15  3:08  Pylon  
  15  3:10  Photon Cannon  
  15  3:17  Pylon  
Show
View Real Time Build Order
Export as new Build Order

Massa Terran - Winner!

Build Orders:  

Get SALT Encoding   

  12  0:02  SCV  
  13  0:15  Supply Depot  
  13  0:22  SCV  
  14  0:34  SCV  
  15  0:53  SCV  
  16  0:59  Barracks  
  16  1:07  Supply Depot  
  16  1:24  SCV  
  17  1:27  Refinery  
  17  1:29  Barracks  
  17  1:36  SCV  
  17  1:46  Marine  
  18  1:48  SCV  
  18  1:49  Barracks  
  19  2:00  SCV  
  20  2:03  Marine  
  21  2:21  Marine  
  22  2:29  SCV  
  23  2:32  Command Center  
  23  2:36  Marine  
  24  2:39  Marine  
  24  2:43  SCV  
  26  2:48  Marine  
  27  2:53  Marine  
  27  2:57  Marine  
  29  3:00  SCV  
  30  3:06  Marine  
  31  3:13  Factory  
  31  3:20  Supply Depot  
Show
View Real Time Build Order
Export as new Build Order

Ruginila Protoss 

Build Orders:  

Get SALT Encoding   

  12  0:01  Probe  
  13  0:13  Probe  
  14  0:27  Pylon  
  14  0:30  Probe  
  15  0:45  Probe  
  16  0:53  Gateway  
  16  0:59  Gateway  
  16  1:04  Assimilator  
  16  1:16  Probe (Chrono Boost)  
  18  1:26  Probe (Chrono Boost)  
  18  1:31  Probe (Chrono Boost)  
  19  1:42  Probe  
  20  1:54  Probe  
  17  2:06  Probe (Chrono Boost)  
  18  2:19  Probe (Chrono Boost)  
  17  2:26  Probe (Chrono Boost)  
  18  2:33  Probe  
  19  2:37  Pylon  
  19  2:45  Probe  
  20  2:57  Probe  
  21  3:06  Assimilator  
  21  3:09  Probe  
  22  3:16  Cybernetics Core  
  22  3:21  Probe  
  22  3:22  Zealot (Chrono Boost)  
Show
View Real Time Build Order
Export as new Build Order

Monkey Terran 

Build Orders:  

Get SALT Encoding   

  12  0:01  SCV  
  13  0:13  SCV  
  14  0:18  Supply Depot  
  14  0:25  SCV  
  15  0:39  SCV  
  15  0:42  Barracks  
  16  0:46  Refinery  
  16  0:56  SCV  
  17  1:10  SCV  
  18  1:41  Marine  
  18  1:42  Orbital Command  
  19  1:48  Command Center  
  19  1:59  Marine  
  20  2:09  SCV  
  20  2:13  Factory  
  22  2:37  SCV  
  22  2:49  SCV  
  23  2:59  Barracks Reactor  
  23  3:00  Factory Tech Lab  
  23  3:01  Supply Depot  
  23  3:03  Starport  
  23  3:07  Orbital Command  
  23  3:09  SCV  
Tags
 
Add a new tag
Caveats
  • Supply blocks, unpowered buildings, or Contaminate may cause inaccurate times.
  • Supply counts are checked every 10 seconds.